 Dungeon Crawl Stone Soup version 0.30-a0-719-gcc4359ea44 (webtiles) character file.

Game seed: 15688658574533636976

221 M4edhros the Insei (level 5, -3/31 HPs)
             Began as an Octopode Transmuter on Jan 26, 2023.
             Slain by a sky beast (6 damage)
             ... on level 6 of the Dungeon.
             The game lasted 00:04:15 (1126 turns).

M4edhros the Insei (Octopode Transmuter)            Turns: 1126, Time: 00:04:15

Health: -3/31      AC:  1    Str:  9    XL:     5   Next: 98%
Magic:  7/7        EV: 14    Int: 15    God:
Gold:   81         SH:  0    Dex: 15    Spells: 1/8 levels left

rFire   x . .      SeeInvis .      - Unarmed
rCold   + . .      Faith    .    (no shield)
rNeg    + + .      Spirit   .    (helmet restricted)
rPois   .          Reflect  .    (no amulet)
rElec   .          Harm     .    b - ring of positive energy
rCorr   .          Rampage  .    f - ring of ice
Will    .....                    k - ring of positive energy
Stlth   ++                       (no ring)
HPRegen 0.25/turn                (no ring)
MPRegen 0.10/turn                (no ring)
                                 (no ring)
                                 (no ring)

@: no status effects
A: almost no armour, amphibious, 8 rings, camouflage 1, gelatinous body 1,
(nimble swimmer 1), tentacles, tentacle spike 1, frail 1, low MP 1, screaming 1
a: no special abilities


You were on level 6 of the Dungeon.
You visited 1 branch of the dungeon, and saw 6 of its levels.

You collected 81 gold pieces.

Inventory:

Hand Weapons
 l - the +7 short sword "Tiaddest" {pain, Dex+3}
   (You found it on level 5 of the Dungeon)

   Dex:       It affects your dexterity (+3).
Missiles
 a - 3 poisoned darts
Armour
 n - a +0 kite shield
Magical Staves
 e - a staff of conjuration
Jewellery
 b - a ring of positive energy (left tentacle)
 f - a ring of ice (right tentacle)
 k - a ring of positive energy (on tentacle)
Wands
 d - a wand of roots (6)
 g - a wand of polymorph (10)
Scrolls
 h - 2 scrolls of fog
 j - a scroll of enchant armour {unknown}
 m - a scroll of poison {unknown}
 o - a scroll of vulnerability {unknown}
 p - a scroll of blinking {unknown}
Potions
 i - a potion of mutation


   Skills:
 + Level 2.5 Fighting
 + Level 3.1 Dodging
 * Level 4.6 Unarmed Combat
 - Level 2.0 Spellcasting
 - Level 2.0 Transmutations
 * Level 2.3 Ice Magic


You had one spell level left.
You knew the following spells:

 Your Spells              Type           Power      Damage    Failure   Level
a - Beastly Appendage     Tmut           14%        N/A       10%         1
b - Ensorcelled Hibernat  Hex/Ice        14%        N/A       21%         2
c - Ice Form              Ice/Tmut       12%        N/A       65%         4

Your spell library contained the following spells:

 Spells                   Type           Power      Damage    Failure   Level
 Wereblood                Tmut           7%         N/A       14%         2
 Passwall                 Tmut/Erth      3%         N/A       22%         2
 Spider Form              Tmut/Pois      4%         N/A       41%         3
 Call Canine Familiar     Summ           1%         N/A       54%         3
 Portal Projectile        Hex/Tloc       2%         N/A       54%         3
 Swiftness                Air            1%         N/A       54%         3
 Leda's Liquefaction      Hex/Erth       0%         N/A       91%         4


Dungeon Overview and Level Annotations

Branches:
Dungeon (6/15)
 Temple: D:4-7

Altars:
Trog


Innate Abilities, Weirdness & Mutations

You cannot wear most types of armour.
You are amphibious.
You can wear up to eight rings at the same time.
Your skin changes colour to match your surroundings (Stealth+).
Your rubbery body absorbs attacks. (AC +1, EV +1)
((You are camouflaged when in or above water. (Stealth+)))
You have tentacles for arms and can constrict up to eight enemies at once.
One of your tentacles bears a spike.
You are frail. (-10% HP)
Your magical capacity is low. (-10% MP)
You occasionally shout uncontrollably at your foes.


Message History

p - a scroll labelled GEL WOXUSOPN
Okay, then.
Aiming: Polymorph
Press: ? - help, Shift-Dir - straight line, f - sky beast
Aim: a sky beast (will become an acid dragon, a wyvern, or a fire bat, chance to affect: 49%)
Okay, then.
Okay, then.
The sky beast flickers out of sight!
Deactivating autopickup; reactivate with Ctrl-A.
A sky beast appears from thin air!
Reactivating autopickup.
You closely miss the sky beast.
The sky beast flickers out of sight!
Deactivating autopickup; reactivate with Ctrl-A.
Something hits you. Something shocks you.
You closely miss something.
You pierce something.
Your squeeze misses something. You tentacle-slap something.
Your tentacle spike misses something.
Something hits you but does no damage.
You miss something.
You pierce something.
Your squeeze misses something. Something hits you. Something shocks you.
Okay, then.
You miss something.
You pierce something.
Something hits you. Something shocks you.
* * * LOW HITPOINT WARNING * * *
You closely miss something.
You pierce something.
Something barely misses you.
Unknown command.
Okay, then.
As you read the scroll labelled MAMEOS BORCH, it crumbles to dust.
It is a scroll of identify.
h - 2 scrolls of fog A sky beast appears from thin air!
Reactivating autopickup.
The sky beast completely misses you.
You miss the sky beast.
Your tentacle spike misses the sky beast.
The sky beast is moderately wounded.
The sky beast hits you.
* * * LOW HITPOINT WARNING * * *
The sky beast shocks you.
You die...

#. ... #. ...
#.###.###
....Y.. #######
#.##..
.....######<##.#
.... ...#.##.#
#.####.#.##.#
#@Y.......~.#
##.###.######
#.# #.# #.# #.#
... ..# #.# ###
#.# #.#


You could see a sky beast.

Vanquished Creatures
  A centaur (D:4)
  A hound (D:5)
  Ijyb (D:5)
  An iguana (D:4)
  2 adders
  An ufetubus (D:4)
  2 worms
  5 ball pythons
  3 bats (D:1)
  3 endoplasms
  2 giant cockroaches
  2 goblins
  3 hobgoblins (D:1)
  2 jackals (D:4)
  2 quokkas
  A frilled lizard (D:3)
  A kobold (D:1)
33 creatures vanquished.

Notes
Turn   | Place    | Note
-------+----------+-------------------------------------------
     0 | D:1      | M4edhros the Octopode Transmuter began the quest for the
                  | Orb.
     0 | D:1      | Reached XP level 1. HP: 13/13 MP: 3/3
    48 | D:1      | Reached XP level 2. HP: 15/18 MP: 5/5
   283 | D:2      | Reached XP level 3. HP: 23/23 MP: 6/6
   354 | D:2      | Learned a level 2 spell: Ensorcelled Hibernation
   637 | D:4      | Reached XP level 4. HP: 29/29 MP: 7/7
   657 | D:4      | Found a bloodstained altar of Trog.
   665 | D:4      | Reached skill level 4 in Unarmed Combat
   665 | D:4      | Reached skill level 1 in Ice Magic
   736 | D:4      | Learned a level 4 spell: Ice Form
   796 | D:4      | Noticed a centaur
   801 | D:4      | Gained mutation: You occasionally shout uncontrollably at
                  | your foes. [potion of mutation]
   801 | D:4      | Gained mutation: Your magical capacity is low. (-10% MP)
                  | [potion of mutation]
   801 | D:4      | Gained mutation: You are frail. (-10% HP) [potion of
                  | mutation]
   801 | D:4      | Gained mutation: One of your tentacles bears a spike.
                  | [potion of mutation]
   807 | D:4      | Killed a centaur
   808 | D:4      | Reached XP level 5. HP: 7/30 MP: 7/7
   865 | D:5      | Entered Level 5 of the Dungeon
   865 | D:5      | Noticed Ijyb
   872 | D:5      | Killed Ijyb
  1012 | D:5      | Identified the +7 short sword "Tiaddest" {pain, Dex+3}
  1065 | D:5      | Noticed an ogre
  1102 | D:6      | Noticed a sky beast
  1126 | D:6      | Slain by a sky beast

Illustrated notes

Levels and vault maps discovered:
D:1:      scummos_arrival_hexagon, layout_basic, serial_shops,
          nicolae_shop_statue_plus, corexii_item_surrounded_by_moat,
          minmay_tall_x
D:2:      layout_basic, serial_shops, shop, minmay_pentomino_w2
D:3:      layout_loops_ring, serial_aquarium, aquarium_bridge_island_small
          [aquarium_subvault_small_open, aquarium_subvault_wall,
          aquarium_subvault_wall, aquarium_subvault_window,
          aquarium_subvault_bridge], aquarium_window_1, aquarium_window_fake,
          aquarium_view_2e
D:4:      layout_cave_pools, mainiacjoe_overflow_24_doors, tso_altar,
          kennysheep_generic_room_3
D:5:      cheibrodos_two_vegetables, layout_loops_ring, kennysheep_small_circle,
          uniq_eustachio, uniq_ijyb
D:6:      layout_loops_ring, vehumet_crystals, serial_shops,
          nicolae_shop_statue_plus, st_stairs_3

Skill      XL: |  1  2  3  4  5 |
---------------+----------------+-----
Unarmed Combat | 4 |  4.6
Ice Magic      | 2 |  2.3
Fighting       | 2 |  2.5
Dodging        | 3 |  3.1
Spellcasting   | |  2.0
Transmutations | |  2.0

Action                     |  1- 3 |  4- 6 || total
---------------------------+-------+-------++-------
  Melee: Unarmed           |    44 |    50 ||    94
         Tentacles         |    14 |     9 ||    23
         Constrict         |    11 |     5 ||    16
         Punch             |     1 |     3 ||     4
         Kick              |       |     8 ||     8
    Use: Potion            |       |     6 ||     6
         Scroll            |       |     1 ||     1
   Stab: Distracted        |     1 |       ||     1
         Sleeping          |     4 |     5 ||     9
 Armour: Skin              |     1 |    42 ||    43
  Dodge: Dodged            |    24 |    27 ||    51

Table legend: (Time is in decaauts)
 A = Elapsed time spent in this place.
 B = Non-inter-level travel time spent in this place.
 C = Inter-level travel time spent in this place.
 D = Time resting spent in this place.
 E = Time spent auto-exploring this place.
 F = Levels seen in this place.
 G = Mean time per level.
                   A        B        C        D        E       F      G
               +--------+--------+--------+--------+--------+-----+--------+
         Total |   1116 |   1088 |     28 |      4 |    568 |   6 |  186.0 |
       Dungeon |   1116 |   1088 |     28 |      4 |    568 |   6 |  186.0 |
               +--------+--------+--------+--------+--------+-----+--------+

Top non-repeatable levels by time:
     D:4: 237 daAuts
     D:5: 226 daAuts
     D:2: 212 daAuts
     D:1: 204 daAuts
     D:3: 203 daAuts
     D:6: 32 daAuts
